 Dungeon Crawl Stone Soup version 0.22.0 (webtiles) character file.

175 Glaeka the Stinger (level 5, -6/37 HPs)
             Began as a Barachi Venom Mage on Aug 11, 2018.
             Was a Follower of Nemelex Xobeh.
             Killed by divine providence
             ... invoked by an orc priest
              (12 damage)
             ... on level 5 of the Dungeon.
             The game lasted 00:21:45 (2079 turns).

Glaeka the Stinger (Barachi Venom Mage)             Turns: 2079, Time: 00:21:45

Health: -6/37      AC:  6    Str:  9    XL:     5   Next: 55%
Magic:  1/9        EV: 11    Int: 16    God:    Nemelex Xobeh [*.....]
Gold:   212        SH:  0    Dex: 19    Spells: 2/10 levels left

rFire    . . .     SeeInvis .   a - +0 flail
rCold    + . .     Gourm    .   (no shield)
rNeg     . . .     Faith    .   b - +1 ring mail {rC+}
rPois    .         Spirit   .   (no helmet)
rElec    .         Reflect  .   (no cloak)
rCorr    .         Harm     .   (no gloves)
MR       .....                  (no boots)
Stlth    ++........             (no amulet)
HPRegen  0.12/turn              f - +6 ring of dexterity
MPRegen  0.11/turn              (no ring)

@: can't hop, very slightly contaminated, slow
A: +LOS, swims, slowness 1, strong legs 1
a: Hop, Renounce Religion


You were on level 5 of the Dungeon.
You worshipped Nemelex Xobeh.
Nemelex Xobeh was aware of your devotion.
You were not hungry.

You visited 1 branch of the dungeon, and saw 5 of its levels.

You collected 212 gold pieces.

Inventory:

Hand Weapons
 a - a +0 flail (weapon)
Armour
 b - a +1 ring mail of cold resistance (worn)
Jewellery
 f - a +6 ring of dexterity (left hand)
 q - an uncursed amulet of regeneration
Scrolls
 d - 3 scrolls of teleportation {unknown}
 e - 2 scrolls of remove curse {unknown}
 g - a scroll of magic mapping {unknown}
 h - a scroll of enchant armour {unknown}
 j - 2 scrolls of amnesia
 k - a scroll of random uselessness {unknown}
 l - a scroll of identify
 n - a scroll of immolation {unknown}
 p - a scroll of fear {unknown}
 s - a scroll of fog {unknown}
 u - a scroll of enchant weapon {unknown}
Potions
 i - 2 potions of cancellation
 o - a potion of heal wounds {unknown}
 r - 2 potions of curing {unknown}
 t - 4 potions of agility {unknown}
 v - a potion of magic {unknown}
Miscellaneous
 m - a plain deck of destruction
Comestibles
 c - 5 rations


   Skills:
 + Level 1.1 Fighting
 + Level 1.4 Maces & Flails
 + Level 1.8 Armour
 - Level 2.1 Dodging
 + Level 1.9 Stealth
 + Level 3.2 Spellcasting
 + Level 1.7 Conjurations
 + Level 1.1 Air Magic
 * Level 4.7 Poison Magic


You had 2 spell levels left.
You knew the following spells:

 Your Spells              Type           Power        Failure   Level  Hunger
a - Sting                 Conj/Pois      ##..         13%         1    None
b - Poisonous Vapours     Pois/Air       ##....       22%         2    ##.....
c - Mephitic Cloud        Conj/Pois/Air  ##......     45%         3    ###....
d - Call Imp              Summ           #.......     58%         2    ##.....

Your spell library contained the following spells:

 Spells                   Type           Power        Failure   Level  Hunger
 Magic Dart               Conj           #...         24%         1    None
 Conjure Flame            Conj/Fire      #.......     71%         3    ###....
 Slow                     Hex            #.......     58%         2    ##.....
 Venom Bolt               Conj/Pois      ##........   98%         5    ######.
 Olgreb's Toxic Radiance  Pois           ###.....     56%         4    ####...
 Blink                    Tloc           N/A          58%         2    ##.....


Dungeon Overview and Level Annotations

Branches:
Dungeon (5/15)
 Temple: D:4-7

Altars:
Nemelex Xobeh
Okawaru
Ru

Annotations:
D:3 1 runed door


Innate Abilities, Weirdness & Mutations

Shadows flee at your approach. (+LOS)
You can swim through water.
You cover ground slowly.
You can hop short distances.


Message History

Press: ? - help, Shift-Dir - straight line The ball explodes into a vile cloud!
The stinking cloud engulfs the ogre.
You hear a shout!
The ogre is engulfed in noxious fumes.
The ogre appears confused.
Casting: Mephitic Cloud (slightly dangerous; 45% risk of failure)
Confirm with . or Enter, or press ? or * to list all spells.
Aiming: Sting (safe; 13% risk of failure)
Press: ? - help, Shift-Dir - straight line, f - ogre
Aim: an ogre, wielding a giant club (lightly wounded, confused)
The sting hits the ogre.
The ogre is lightly wounded.
The ogre looks very confused.
An orc priest comes into view. It is wielding a flail of venom.
The orc priest shouts!
An orc priest comes into view. It is wielding a short sword.
An orc wizard comes into view. It is wielding a dagger.
The orc priest calls down the wrath of Beogh upon you.
Beogh smites you!
You die...
Your body disappears without a glow.

#######
#.....#
#<.O..#
#@....#
#.....#
#.....#
#.....#
#.....#
#.....#
##.!..o.
+........
#........o


You could see an ogre (confused) and an orc priest.

Vanquished Creatures
  A scorpion (D:4)
  An orc priest (D:4)
  2 adders (D:2)
  An ooze (D:3)
  A worm (D:2)
  2 dart slugs (D:3)
  2 leopard geckos
  7 orcs
  7 hobgoblins
  3 jackals (D:2)
  6 kobolds
  8 bats
  3 frilled lizards (D:1)
  11 goblins
  7 rats
62 creatures vanquished.

Vanquished Creatures (collateral kills)
  3 goblins (D:3)
3 creatures vanquished.

Grand Total: 65 creatures vanquished

Notes
Turn   | Place    | Note
-------+----------+-------------------------------------------
     0 | D:1      | Glaeka the Barachi Venom Mage began the quest for the Orb.
     0 | D:1      | Reached XP level 1. HP: 13/13 MP: 3/3
   140 | D:1      | Found a sparkling altar of Nemelex Xobeh.
   209 | D:1      | Became a worshipper of Nemelex Xobeh the Trickster
   270 | D:1      | Reached XP level 2. HP: 19/19 MP: 3/5
   293 | D:1      | Learned a level 2 spell: Poisonous Vapours
   643 | D:1      | Received a gift from Nemelex Xobeh
   749 | D:2      | Reached skill level 1 in Armour
   828 | D:2      | Reached XP level 3. HP: 21/24 MP: 0/7
   834 | D:2      | Learned a level 3 spell: Mephitic Cloud
   900 | D:2      | Reached skill level 4 in Poison Magic
  1028 | D:2      | Found a sacrificial altar of Ru.
  1211 | D:3      | Found an iron altar of Okawaru.
  1214 | D:3      | Reached XP level 4. HP: 29/31 MP: 0/8
  1240 | D:3      | Reached * piety under Nemelex Xobeh
  1413 | D:3      | Learned a level 2 spell: Call Imp
  1479 | D:3      | Found a runed door.
  1885 | D:4      | Reached skill level 1 in Fighting
  1885 | D:4      | Reached skill level 1 in Maces & Flails
  1885 | D:4      | Reached skill level 1 in Air Magic
  1885 | D:4      | Reached XP level 5. HP: 37/37 MP: 6/9
  2050 | D:4      | Noticed an ogre
  2070 | D:5      | Entered Level 5 of the Dungeon
  2079 | D:5      | Killed from afar by an orc priest

Skill      XL: |  1  2  3  4 |
---------------+-------------+-----
Armour         | 1 |  1.8
Poison Magic   | 4 |  4.7
Spellcasting   | 3 |  3.2
Fighting       | 1 |  1.1
Maces & Flails | 1 |  1.4
Air Magic      | 1 |  1.1
Dodging        | |  2.1
Stealth        | |  1.9
Conjurations   | |  1.7

Action                   |  1- 3 |  4- 6 || total
-------------------------+-------+-------++-------
Melee: Unarmed           |     6 |       ||     6
       Short sword       |    29 |       ||    29
       Mace              |    26 |    11 ||    37
       Flail             |       |    26 ||    26
 Cast: Sting             |    47 |    18 ||    65
       Poisonous Vapours |     7 |    10 ||    17
       Call Imp          |       |     1 ||     1
       Mephitic Cloud    |       |     1 ||     1
 Abil: Hop               |     1 |     1 ||     2
  Use: Scroll            |     2 |     2 ||     4
 Stab: Distracted        |       |     1 ||     1
  Eat: Chunk             |     1 |     3 ||     4
       Ration            |     1 |       ||     1
Armor: Ring mail         |    33 |    15 ||    48
Dodge: Dodged            |    48 |    22 ||    70
